[ AOE2 MATCH · #495614131 ]
UnrankedGeorgians vs Italians
Player's team · WIN
Rival team · LOSS
[ REPLAY ANALYSIS · EXTRACTED FROM THE RECORDED GAME ]
Feudal
11:23
Castle
—
Imperial
—
| APM avg | 94.6 |
| APM peak | 198 |
| eAPM avg | 39.1 |
| Villagers / military | 40 / 9 |
Focus
⚔️ 49.1% · 🌾 50.9%
Militia ×8 · Spearman ×1
Feudal
8:30
Castle
—
Imperial
—
| APM avg | 23.8 |
| APM peak | 43 |
| eAPM avg | 15.4 |
| Villagers / military | 25 / 1 |
Focus
⚔️ 25.8% · 🌾 74.2%
Scout Cavalry ×1
Match map
Initial resources + every placement click. Lines = walls · curves = elevation contours. ◆ gold · ⬟ stone · ● berries · ✦ relic · ◌ wall gap
Your base· Open — 4t gap
jj1471's base· Open — unwalled flank
Smoothed initial terrain · ◌ = detected wall gap · hover for details
Inputs per minute
— SVTT | Альпинист - - jj1471
Build order — SVTT | Альпинист
74 actions detected in the replay
| 0:00 | Queue | Villager (Male) |
| 0:01 | Queue | Villager (Male) |
| 0:01 | Queue | Villager (Male) |
| 0:02 | Build | House |
| 0:02 | Queue | Villager (Male) |
| 0:03 | Build | House |
| 1:29 | Queue | Villager (Male) |
| 1:30 | Queue | Villager (Male) |
| 2:02 | Queue | Villager (Male) |
| 2:19 | Queue | Villager (Male) |
| 2:19 | Queue | Villager (Male) |
| 2:37 | Queue | Villager (Male) |
| 2:37 | Queue | Villager (Male) |
| 2:45 | Build | Barracks |
| 3:08 | Queue | Villager (Male) |
| 3:20 | Build | House |
| 3:32 | Queue | Villager (Male) |
| 3:32 | Queue | Villager (Male) |
| 3:51 | Queue | Militia |
| 3:51 | Queue | Militia |
| 4:09 | Build | House |
| 4:12 | Queue | Villager (Male) |
| 4:12 | Queue | Villager (Male) |
| 4:25 | Queue | Militia |
| 4:26 | Queue | Militia |
| 4:38 | Queue | Villager (Male) |
| 4:40 | Build | House |
| 4:56 | Queue | Villager (Male) |
| 5:28 | Queue | Villager (Male) |
| 5:28 | Queue | Villager (Male) |
| 5:45 | Queue | Villager (Male) |
| 5:46 | Queue | Villager (Male) |
| 6:15 | Queue | Villager (Male) |
| 6:15 | Queue | Villager (Male) |
| 6:15 | Queue | Villager (Male) |
| 6:34 | Queue | Villager (Male) |
| 6:34 | Queue | Villager (Male) |
| 7:06 | Queue | Villager (Male) |
| 7:27 | Queue | Villager (Male) |
| 7:27 | Queue | Villager (Male) |
| 7:27 | Queue | Villager (Male) |
| 7:34 | Build | Mule Cart |
| 7:44 | Queue | Villager (Male) |
| 7:45 | Queue | Villager (Male) |
| 7:45 | Research | Loom |
| 7:56 | Queue | Villager (Male) |
| 8:11 | Build | Mill |
| 8:52 | Research | Feudal Age |
| 9:03 | Build | Mule Cart |
| 9:49 | Build | Farm |
| 10:26 | Queue | Militia |
| 10:26 | Queue | Militia |
| 10:30 | Queue | Villager (Male) |
| 11:05 | Queue | Militia |
| 11:13 | Build | House |
| 11:22 | Queue | Militia |
| 11:23 | Age | Feudal Age |
| 11:31 | Research | Man-at-Arms (upgrade) |
| 11:31 | Research | Double-Bit Axe |
| 11:33 | Queue | Villager (Male) |
| 11:33 | Queue | Villager (Male) |
| 11:36 | Build | Farm |
| 11:41 | Queue | Villager (Male) |
| 11:44 | Build | House |
| 11:46 | Build | Palisade Wall |
| 12:02 | Build | Farm |
| 12:06 | Build | Farm |
| 12:14 | Queue | Villager (Male) |
| 12:18 | Build | Archery Range |
| 12:18 | Queue | Spearman |
| 12:26 | Queue | Villager (Male) |
| 12:30 | Build | House |
| 12:31 | Build | House |
| 12:32 | Build | Palisade Wall |
Build order — jj1471
60 actions detected in the replay
| 0:01 | Queue | Villager (Male) |
| 0:02 | Queue | Villager (Male) |
| 0:02 | Queue | Villager (Male) |
| 0:03 | Build | House |
| 0:05 | Build | House |
| 0:22 | Queue | Villager (Male) |
| 1:29 | Queue | Villager (Male) |
| 1:47 | Build | Lumber Camp |
| 1:57 | Queue | Villager (Male) |
| 2:26 | Queue | Villager (Male) |
| 2:49 | Queue | Villager (Male) |
| 3:13 | Build | House |
| 3:19 | Queue | Villager (Male) |
| 3:33 | Queue | Villager (Male) |
| 3:56 | Queue | Villager (Male) |
| 4:17 | Build | Mill |
| 4:20 | Queue | Villager (Male) |
| 4:58 | Queue | Villager (Male) |
| 5:06 | Queue | Villager (Male) |
| 5:09 | Research | Loom |
| 5:57 | Build | Palisade Wall |
| 5:58 | Build | Palisade Wall |
| 6:07 | Build | Palisade Wall |
| 6:09 | Build | Palisade Wall |
| 6:20 | Research | Feudal Age |
| 6:59 | Build | Barracks |
| 8:19 | Queue | Villager (Male) |
| 8:30 | Age | Feudal Age |
| 8:33 | Build | Stable |
| 8:35 | Research | Double-Bit Axe |
| 8:39 | Queue | Villager (Male) |
| 8:46 | Build | House |
| 9:06 | Queue | Villager (Male) |
| 9:20 | Build | Farm |
| 9:21 | Queue | Scout Cavalry |
| 9:31 | Queue | Villager (Male) |
| 9:54 | Queue | Villager (Male) |
| 10:26 | Queue | Villager (Male) |
| 10:45 | Queue | Villager (Male) |
| 10:51 | Build | Farm |
| 10:51 | Build | Farm |
| 10:51 | Build | Farm |
| 10:52 | Build | Farm |
| 10:52 | Build | Farm |
| 11:08 | Queue | Villager (Male) |
| 11:11 | Build | House |
| 11:34 | Queue | Villager (Male) |
| 11:38 | Build | House |
| 11:41 | Build | Palisade Wall |
| 11:50 | Build | Palisade Wall |
| 11:54 | Build | Palisade Wall |
| 11:59 | Build | Palisade Wall |
| 12:01 | Build | Palisade Wall |
| 12:03 | Queue | Villager (Male) |
| 12:18 | Build | Palisade Wall |
| 12:27 | Build | House |
| 12:28 | Build | House |
| 12:30 | Build | House |
| 12:32 | Build | Palisade Wall |
| 12:34 | Queue | Villager (Male) |
Match timeline
| 2:45 | SVTT | Альпинист · first_building Barracks |
| 5:57 | jj1471 · wall_segment Palisade Wall x1 |
| 5:58 | jj1471 · wall_segment Palisade Wall x1 |
| 6:07 | jj1471 · wall_segment Palisade Wall x1 |
| 6:09 | jj1471 · wall_segment Palisade Wall x1 |
| 6:59 | jj1471 · first_building Barracks |
| 8:30 | jj1471 · age_up feudal |
| 8:33 | jj1471 · first_building Stable |
| 11:23 | SVTT | Альпинист · age_up feudal |
| 11:41 | jj1471 · wall_segment Palisade Wall x4 |
| 11:46 | SVTT | Альпинист · wall_segment Palisade Wall x11 |
| 11:50 | jj1471 · wall_segment Palisade Wall x8 |
| 11:54 | jj1471 · wall_segment Palisade Wall x6 |
| 11:59 | jj1471 · wall_segment Palisade Wall x2 |
| 12:01 | jj1471 · wall_segment Palisade Wall x3 |
| 12:18 | jj1471 · wall_segment Palisade Wall x19 |
| 12:18 | SVTT | Альпинист · first_building Archery Range |
| 12:32 | jj1471 · wall_segment Palisade Wall x18 |
| 12:32 | SVTT | Альпинист · wall_segment Palisade Wall x3 |
| 12:42 | jj1471 · resign |
[ AI ANALYSIS · 1 CREDIT ]
What really happened in this match?
Wolo.gg analyzes every decision: build order, eco, micro, common mistakes by bracket. Personalized analysis on WhatsApp or Discord in 30 seconds.
Civ guide
Georgians
Perfil
Jugador #6375678